 Dungeon Crawl Stone Soup version 0.23-a0-313-gf30bb39 (webtiles) character file.

902 riellis the Chopper (level 8, 0/62 HPs)
             Began as a Barachi Skald on Oct 12, 2018.
             Slain by a hound (2 damage)
             ... on level 5 of the Dungeon.
             The game lasted 00:21:13 (9001 turns).

riellis the Chopper (Barachi Skald)                 Turns: 9001, Time: 00:21:13

Health: 0/62       AC:  4    Str: 15    XL:     8   Next: 7%
Magic:  20/20      EV: 11    Int: 13    God:
Gold:   81         SH: 10    Dex: 12    Spells: 3/11 levels left

rFire    + . .     SeeInvis .   u - +2 whip (venom)
rCold    . . .     Gourm    .   w - +2 shield
rNeg     . . .     Faith    .   s - +1 leather armour {rF+}
rPois    .         Spirit   .   (no helmet)
rElec    .         Reflect  .   (no cloak)
rCorr    .         Harm     .   (no gloves)
MR       .....                  (no boots)
Stlth    +.........             (no amulet)
HPRegen  0.20/turn              p - ring of magical power
MPRegen  0.17/turn              (no ring)

@: lethally poisoned (0 -> -6), can't hop, slow
A: +LOS, swims, slowness 1, strong legs 1
a: Hop


You were on level 5 of the Dungeon.
You were very hungry.

You visited 1 branch of the dungeon, and saw 5 of its levels.

You collected 81 gold pieces.

Inventory:

Hand Weapons
 a - a +0 hand axe
 b - a +0 hunting sling
 q - a +0 blowgun
 u - a +2 whip of venom (weapon)
 y - a +0 war axe
Missiles
 e - 95 stones (quivered)
 g - 19 sling bullets
 i - 74 bolts
 r - 25 poisoned needles
Armour
 k - a +0 leather armour
 n - a +0 plate armour
 s - a +1 leather armour of fire resistance (worn)
 w - a +2 shield (worn)
Jewellery
 p - a ring of magical power (left hand)
Scrolls
 c - 2 scrolls of random uselessness {unknown}
 h - a scroll of teleportation {unknown}
 j - a scroll of fear {unknown}
 o - 3 scrolls of enchant armour {unknown}
 t - 2 scrolls of blinking {unknown}
 v - 2 scrolls of enchant weapon {unknown}
 A - a scroll of magic mapping {unknown}
Potions
 f - a potion of might
 l - 2 potions of resistance
 m - a potion of agility
 z - 2 potions of brilliance
Comestibles
 d - 11 rations


   Skills:
 + Level 5.1 Fighting
 * Level 6.4 Axes
 + Level 4.7 Armour
 - Level 4.0 Dodging
 + Level 2.9 Shields
 - Level 2.1 Spellcasting
 - Level 3.2 Charms


You had 3 spell levels left.
You knew the following spells:

 Your Spells              Type           Power        Failure   Level  Hunger
a - Infusion              Chrm           #...         36%         1    ##.....
b - Song of Slaying       Chrm           #.......     50%         2    ###....
c - Shroud of Golubria    Chrm/Tloc      #.........   73%         2    ###....
d - Regeneration          Chrm/Necr      #.........   91%         3    ####...

Your spell library contained the following spells:

 Spells                   Type           Power        Failure   Level  Hunger
 Spectral Weapon          Hex/Chrm       #.......     91%         3    ####...


Dungeon Overview and Level Annotations

Branches:
Dungeon (5/15)
 Temple: D:4-7

Altars:
Cheibriados
Elyvilon
Qazlal
Uskayaw
Zin


Innate Abilities, Weirdness & Mutations

Shadows flee at your approach. (+LOS)
You can swim through water.
You cover ground slowly.
You can hop short distances.


Message History

The water moccasin barely misses you. The gnoll barely misses you.
The water moccasin barely misses you. You block the gnoll's attack. x2
You kill the gnoll!
You block the water moccasin's attack. The orc hits you but does no damage.
You block the hound's attack. The water moccasin barely misses you.
Things that are here:
18 arrows; an uncursed shortbow You can't go up here!
The orc barely misses you. The hound barely misses you.
The water moccasin bites you.
* * * LOW HITPOINT WARNING * * *
You are lethally poisoned!
The water moccasin poisons you! The hound bites you.
* * * LOW HITPOINT WARNING * * *
* * * LOW HITPOINT WARNING * * *
You feel sick. The hound barely misses you.
You hit the hound.
The hound is poisoned.
The hound is moderately wounded.
The hound bites you.
You die...

#. #.# ####..#
#.#####.##......?
#..l).<....#
.#######(..#####
...............#
########.l.###.#
#...ogSh....#
#.####h###### #@#
#.# #.. #.## #.#
..# ###


You could see a water moccasin, 2 hounds, a gnoll and a leopard gecko.

Vanquished Creatures
  Sigmund (D:4)
  A phantom (D:4)
  A sky beast (D:5)
  A centaur (D:5)
  A water moccasin skeleton (D:4)
  A howler monkey (D:4)
  A hound (D:5)
  3 worker ants (D:4)
  A hound skeleton (D:4)
  6 gnolls
  9 adders
  A shadow imp (D:4)
  An ooze (D:3)
  4 dart slugs
  8 worms
  4 leopard geckos
  9 orcs
  5 giant cockroaches
  11 goblins
  13 hobgoblins
  11 jackals
  A quokka (D:3)
  A ball python (D:2)
  7 bats
  6 frilled lizards
  7 kobolds
  A leopard gecko skeleton (D:4)
  A quokka skeleton (D:4)
  7 rats
124 creatures vanquished.

Notes
Turn   | Place    | Note
-------+----------+-------------------------------------------
     0 | D:1      | riellis the Barachi Skald began the quest for the Orb.
     0 | D:1      | Reached XP level 1. HP: 17/17 MP: 3/3
   287 | D:1      | Reached XP level 2. HP: 12/23 MP: 3/5
  1035 | D:1      | Reached XP level 3. HP: 15/28 MP: 6/6
  1401 | D:1      | Reached skill level 3 in Axes
  1467 | D:1      | Learned a level 2 spell: Song of Slaying
  1470 | D:1      | Learned a level 2 spell: Shroud of Golubria
  2455 | D:2      | Found a hide-covered altar of Uskayaw.
  2766 | D:2      | Reached XP level 4. HP: 23/35 MP: 3/7
  3215 | D:2      | Noticed an earth elemental
  3225 | D:2      | Noticed a fire elemental
  3298 | D:2      | Found a stormy altar of Qazlal.
  3301 | D:2      | Noticed a water elemental
  3302 | D:2      | Noticed an air elemental
  3833 | D:2      | HP: 1/35 [poisoned by an adder]
  4225 | D:2      | Reached XP level 5. HP: 31/41 MP: 5/8
  4338 | D:2      | Found a white marble altar of Elyvilon.
  4995 | D:3      | Reached skill level 4 in Axes
  5621 | D:3      | Found a glowing silver altar of Zin.
  6040 | D:3      | Found a snail-covered altar of Cheibriados.
  6676 | D:4      | Reached XP level 6. HP: 34/48 MP: 9/9
  7344 | D:4      | Reached skill level 1 in Shields
  7353 | D:4      | Reached skill level 5 in Axes
  7834 | D:4      | Noticed Sigmund
  7927 | D:4      | Reached XP level 7. HP: 22/54 MP: 10/10
  8163 | D:4      | Killed Sigmund
  8389 | D:3      | Learned a level 3 spell: Regeneration
  8463 | D:5      | Entered Level 5 of the Dungeon
  8655 | D:4      | Reached skill level 6 in Axes
  8973 | D:5      | Reached skill level 5 in Fighting
  8988 | D:5      | Reached XP level 8. HP: 21/62 MP: 11/11
  8999 | D:5      | HP: 3/62 [hound (4)]
  9000 | D:5      | HP: 1/62 [poisoned by a water moccasin]
  9001 | D:5      | Slain by a hound

Vault maps used:
D:1:      kennysheep_arrival_forest, minmay_misc_feat_iff,
          kennysheep_flooded_box, chequers_serial_rivers_micro_c
D:2:      lemuel_doored_altar, nicolae_qazlal_style_of_elements,
          eat_drink_and_be_merry_uskayaw
D:3:      cheibriados_altar_1, zin_scriptorium, first_ration,
          kennysheep_generic_room_13
D:4:      uniq_sigmund
D:5:      minmay_temple_entry_hall

Skill      XL: |  1  2  3  4  5  6  7 |
---------------+----------------------+-----
Axes           | 3 4 5 6 |  6.4
Fighting       | 3 4 5 |  5.1
Armour         | 2 3 4 |  4.7
Dodging        | 3 4 |  4.0
Shields        | 1 2 |  2.9
Spellcasting   | |  2.1
Charms         | |  3.2

Action                   |  1- 3 |  4- 6 |  7- 9 || total
-------------------------+-------+-------+-------++-------
Melee: Hand axe          |   132 |   209 |    12 ||   353
       Whip              |       |    39 |    48 ||    87
       War axe           |       |       |    15 ||    15
 Fire: Hunting sling     |       |   114 |    10 ||   124
       Blowgun           |       |     9 |     5 ||    14
Throw: Stone             |    46 |    46 |     3 ||    95
 Cast: Infusion          |    11 |     7 |       ||    18
       Shroud of Golubri |     1 |     7 |       ||     8
       Song of Slaying   |       |     1 |       ||     1
 Abil: Hop               |       |       |     1 ||     1
  Use: Scroll            |       |     3 |       ||     3
       Potion            |       |     2 |     1 ||     3
  Eat: Chunk             |     6 |    19 |     3 ||    28
Armor: Leather armour    |    20 |    64 |    17 ||   101
Dodge: Dodged            |    85 |   170 |    31 ||   286
Block: Shield            |       |    35 |    37 ||    72

Table legend:
 A = Non-vault XP
 B = Vault XP
 C = Vault XP percentage of total XP
 D = Non-vault monster count
 E = Vault monster count
 F = Vault count percentage of total count
                 A         B        C        D         E       F
            +---------+---------+-------+---------+---------+-------
      Total |    1072 |     217 |  16.8 |     121 |       3 |   2.4
            +---------+---------+-------+---------+---------+-------
        D:1 |      47 |       0 |   0.0 |      23 |       0 |   0.0
        D:2 |     125 |       0 |   0.0 |      38 |       0 |   0.0
        D:3 |     103 |       5 |   4.6 |      33 |       2 |   5.7
        D:4 |     493 |     212 |  30.1 |      22 |       1 |   4.3
        D:5 |     304 |       0 |   0.0 |       5 |       0 |   0.0
            +---------+---------+-------+---------+---------+-------
